 Dungeon Crawl Stone Soup version 0.18.1-5-g4a78601 (webtiles) character file.

12961 nikopol the Spear-Bearer (level 11, -11/101 HPs)
             Began as a Minotaur Berserker on May 9, 2016.
             Was a High Priest of Trog.
             Mangled by a freezing wraith (23 damage)
             ... led by a death knight
             ... on level 11 of the Dungeon.
             The game lasted 00:32:20 (8787 turns).

nikopol the Spear-Bearer (Minotaur Berserker)       Turns: 8787, Time: 00:32:21

Health: -11/101    AC: 13    Str: 23    XL:     11   Next: 69%
Magic:  3/3        EV: 17    Int:  4    God:    Trog [*****.]
Gold:   384        SH:  0    Dex: 16    Spells: 0 memorised, 10 levels left

rFire  . . .     SeeInvis .     u - +2 spear (antimagic)
rCold  . . .     Gourm    .     D - +1 ring mail of Vehumet's Reproof {rPois rN+ Dex+4}
rNeg   + . .     Faith    .     (no shield)
rPois  +         Spirit   .     F - +2 hat
rElec  .         Dismiss  .     f - +0 cloak
rCorr  .         Reflect  .     w - +0 pair of gloves
SustAt .         Harm     .     (no boots)
MR     .....                    i - amulet of regeneration
Stlth  +.........               (no ring)
                                (no ring)

@: exhausted, slowed, very slow, not resistant to hostile enchantments, very
unstealthy
A: retaliatory headbutt, horns 2
a: Berserk, Trog's Hand, Brothers in Arms, Burn Spellbooks, Renounce Religion


You were on level 11 of the Dungeon.
You worshipped Trog.
Trog was extremely pleased with you.
You were near starving.

You visited 1 branch of the dungeon, and saw 11 of its levels.
You also visited: Sewer.

You collected 618 gold pieces.
You spent 234 gold pieces at shops.

Inventory:

Hand Weapons
 a - a +0 spear
 r - a +0 vampiric glaive
 u - a +2 antimagic spear (weapon)
 T - a +4 bardiche of freezing
Missiles
 L - 2 poisoned javelins
 M - a tomahawk (quivered)
 P - 4 javelins of penetration
Armour
 f - a +0 cloak (worn)
 v - a +1 plate armour of fire resistance
 w - a +0 pair of gloves (worn)
 D - the +1 ring mail of Vehumet's Reproof (worn) {rPois rN+ Dex+4}
   (You bought it in a shop on level 4 of the Dungeon)

   It affects your dexterity (+4).
   It protects you from poison.
   It protects you from negative energy.
 F - a +2 hat (worn)
 K - a cursed -2 plate armour
Jewellery
 i - an amulet of regeneration (around neck)
Wands
 x - a wand of heal wounds (5/9)
 B - a wand of digging (5/24)
 H - a wand of iceblast (5/15)
 R - a wand of enslavement (12/24)
Scrolls
 b - 2 scrolls of enchant armour {unknown}
 d - 2 scrolls of recharging
 k - 4 scrolls of fear
 l - 4 scrolls of teleportation
 m - 3 scrolls of blinking
 q - 3 scrolls of enchant weapon
 y - 2 scrolls of remove curse
 z - 5 scrolls of identify
 A - 2 scrolls of fog {unknown}
 N - a scroll of magic mapping
Potions
 e - 3 potions of agility {unknown}
 g - 3 potions of invisibility
 h - 4 potions of might
 j - 2 potions of heal wounds {unknown}
 n - a potion of magic {unknown}
 o - a potion of brilliance {unknown}
 E - a potion of mutation {unknown}
 G - 4 potions of curing {unknown}
 J - a potion of flight {unknown}
 Q - a potion of cancellation {unknown}
 S - a potion of lignification {unknown}
Comestibles
 c - 8 bread rations
 p - 6 chunks of flesh
 s - a beef jerky
 t - 4 meat rations
 C - 4 royal jellies
 I - 7 fruits
 O - a slice of pizza


   Skills:
 + Level 10.3 Fighting
 * Level 12.9 Polearms
 + Level 6.6 Throwing
 + Level 10.2 Armour
 + Level 9.2 Dodging


You had 10 spell levels left.
You didn't know any spells.

Dungeon Overview and Level Annotations

Branches:
Dungeon (11/15)            Temple (0/1) D:6            Lair (0/8) D:11
    Orc: D:9-12

Altars:
Ashenzari
Cheibriados
Dithmenos
Makhleb
Nemelex Xobeh
Okawaru
Pakellas
Qazlal
Ru
Sif Muna
Trog
Vehumet
Xom
Yredelemnul
Zin

Shops:
D:4 [   D:9 [

Annotations:
D:10 1 runed door


Innate Abilities, Weirdness & Mutations

You reflexively headbutt those who attack you in melee.
You have a pair of horns on your head.


Message History

You hit the freezing wraith but do no damage.
You headbutt the freezing wraith.
The freezing wraith is lightly damaged.
The freezing wraith hits you. The freezing wraith freezes you!!
* * * LOW HITPOINT WARNING * * *
The freezing wraith barely misses you.
You are too injured to fight recklessly!
Your iron troll goes berserk!
You feel somewhat more hungry. The freezing wraith barely misses you.
You furiously retaliate!
You headbutt the freezing wraith. The freezing wraith barely misses you.
The freezing wraith hits you.
* * * LOW HITPOINT WARNING * * *
The freezing wraith freezes you!
* * * LOW HITPOINT WARNING * * *
The freezing wraith hits you but does no damage.
You hear the urgent ticking of a clock nearby.
The freezing wraith hits you.
* * * LOW HITPOINT WARNING * * *
The freezing wraith freezes you!!
You die...

###.# # #...# #.###
# # #.# .#. #.# #.
#.# #.# #.##.# #
###.# # #.##.#
#####.#### ....#
#.#.##.###.........
#####
#.#.##.#.@WT......#
#.#.##)#(#)###.##!#
#####.....)....#
...$......)#.###
######.####.#
#.####(#####.#
#............#
######.#######
...##.#


You could see a freezing wraith and a friendly iron troll (berserk).

Vanquished Creatures
  A hydra (D:11)
  A centaur warrior (D:10)
  A death knight (D:11)
  The ghost of Rationalist the Nimble, a novice DsBe of Trog (D:7)
  2 hill giants (D:10)
  A cyclops (D:7)
  The ghost of MDvedh the Cruncher, a novice TeGl (D:6)
  2 freezing wraiths (D:11)
  A shadow (D:10)
  A wraith (D:11)
  A vampire (D:10)
  6 yaks
  2 wyverns
  2 hungry ghosts (D:10)
  3 hippogriffs
  Menkaure (D:6)
  2 water moccasins
  4 orc warriors
  A sky beast (D:5)
  3 ice beasts
  3 ogres
  5 phantoms
  7 centaurs
  A big kobold (D:10)
  9 giant frogs
  A gnoll sergeant (D:10)
  A wyvern zombie (D:9)
  2 wyvern skeletons
  4 scorpions
  10 killer bees (D:10)
  2 howler monkeys (D:5)
  4 wights (D:10)
  2 spriggan skeletons (D:10)
  A centaur zombie (D:8)
  6 crimson imps
  A quasit (D:5)
  3 centaur skeletons (D:10)
  A giant frog skeleton (D:11)
  10 orc priests
  4 hounds
  A jelly (D:7)
  10 orc wizards
  Crazy Yiuf (D:4)
  10 worker ants
  Natasha (twice) (D:3)
  3 sheep (D:7)
  A hound zombie (D:8)
  3 hound skeletons
  A worker ant zombie (D:8)
  9 gnolls
  11 adders
  3 river rats
  2 shadow imps (D:6)
  An ooze (D:2)
  An adder zombie (D:10)
  A worm (D:2)
  6 dart slugs
  4 giant geckos
  31 orcs
  5 giant cockroaches
  8 goblins
  9 hobgoblins
  7 jackals
  2 quokkas
  6 ball pythons
  3 bats (D:3)
  12 giant newts
  11 kobolds
  A quokka skeleton (D:6)
  26 rats
305 creatures vanquished.

Vanquished Creatures (others)
  A fungus (D:11)
  A plant (D:11)
2 creatures vanquished.

Grand Total: 307 creatures vanquished

Notes
Turn   | Place    | Note
--------------------------------------------------------------
     0 | D:1      | nikopol the Minotaur Berserker began the quest for the Orb.
     0 | D:1      | Reached XP level 1. HP: 19/19 MP: 0/0
     3 | D:1      | Noticed an electric eel
     3 | D:1      | Noticed an electric eel
   135 | D:1      | Reached XP level 2. HP: 13/27 MP: 1/1
   518 | D:1      | Reached ** piety under Trog
   628 | D:1      | Reached XP level 3. HP: 33/33 MP: 2/2
   787 | D:2      | Reached skill level 4 in Polearms
   828 | D:2      | Found a radiant altar of Vehumet.
  1178 | D:2      | Reached XP level 4. HP: 40/40 MP: 3/3
  1545 | D:2      | Found a sparkling altar of Nemelex Xobeh.
  1625 | D:2      | Found a basalt altar of Yredelemnul.
  1718 | D:3      | Found a glowing drain.
  1743 | Sewer    | Entered a sewer
  1758 | Sewer    | Reached *** piety under Trog
  1815 | Sewer    | Reached XP level 5. HP: 47/47 MP: 1/4
  2189 | D:3      | Reached **** piety under Trog
  2225 | D:3      | Noticed Natasha
  2230 | D:3      | Killed Natasha
  2330 | D:3      | Noticed Natasha
  2339 | D:3      | Killed Natasha
  2411 | D:3      | Found a stormy altar of Qazlal.
  2486 | D:4      | Reached skill level 5 in Polearms
  2530 | D:4      | Found an iron altar of Okawaru.
  2566 | D:4      | Found a snail-covered altar of Cheibriados.
  2591 | D:4      | Noticed Crazy Yiuf
  2599 | D:4      | Killed Crazy Yiuf
  2599 | D:4      | Reached skill level 5 in Fighting
  2599 | D:4      | Reached XP level 6. HP: 39/56 MP: 0/5
  2786 | D:4      | Reached skill level 5 in Armour
  2845 | D:4      | Found a shattered altar of Ashenzari.
  2913 | D:4      | Reached XP level 7. HP: 61/61 MP: 2/6
  2945 | D:4      | Reached skill level 6 in Polearms
  3120 | D:4      | Found Tasaiw's Antique Armour Shop.
  3122 | D:4      | Bought a faintly glowing ring mail for 234 gold pieces
  3132 | D:4      | Identified the +1 ring mail of Vehumet's Reproof {rPois rN+ Dex+4} (You bought it in a shop on level 4 of the Dungeon)
  3272 | D:5      | Entered Level 5 of the Dungeon
  3280 | D:5      | Reached skill level 5 in Dodging
  3326 | D:5      | Reached ***** piety under Trog
  3396 | D:5      | Reached XP level 8. HP: 49/71 MP: 2/7
  3753 | D:6      | Reached skill level 7 in Polearms
  3930 | D:6      | Reached skill level 1 in Throwing
  3947 | D:6      | Noticed MDvedh's ghost (novice TeGl)
  3958 | D:6      | Killed MDvedh's ghost
  3958 | D:6      | Reached skill level 8 in Polearms
  4105 | D:6      | Found a bloodstained altar of Trog.
  4106 | D:6      | Found a sacrificial altar of Ru.
  4315 | D:6      | Noticed Menkaure
  4320 | D:6      | Killed Menkaure
  4320 | D:6      | Reached XP level 9. HP: 79/79 MP: 2/8
  4384 | D:6      | Found a staircase to the Ecumenical Temple.
  4682 | D:7      | Noticed a cyclops
  4710 | D:7      | Killed a cyclops
  4710 | D:7      | Reached skill level 9 in Polearms
  5099 | D:7      | Found a shimmering altar of Xom.
  5131 | D:7      | Found a deep blue altar of Sif Muna.
  5212 | D:7      | Noticed Rationalist's ghost (novice DsBe)
  5231 | D:7      | Killed Rationalist's ghost
  5248 | D:7      | Reached skill level 10 in Polearms
  5300 | D:7      | Found a shadowy altar of Dithmenos.
  5345 | D:7      | Reached XP level 10. HP: 90/90 MP: 3/9
  5369 | D:7      | Received a gift from Trog
  5623 | D:8      | Found a snail-covered altar of Cheibriados.
  6064 | D:8      | Found a burning altar of Makhleb.
  6793 | D:9      | Reached skill level 11 in Polearms
  6851 | D:9      | Found Fear's Armour Shop.
  6932 | D:9      | Reached skill level 5 in Throwing
  7059 | D:9      | Found an oddly glowing altar of Pakellas.
  7395 | D:10     | Entered Level 10 of the Dungeon
  7555 | D:10     | Noticed a hill giant
  7569 | D:10     | Killed a hill giant
  7569 | D:10     | Reached XP level 11. HP: 42/97 MP: 3/10
  7928 | D:10     | Reached skill level 12 in Polearms
  7953 | D:10     | Received a gift from Trog
  7993 | D:10     | Noticed a hill giant
  8003 | D:10     | Killed a hill giant
  8032 | D:10     | Found a glowing silver altar of Zin.
  8032 | D:10     | Found a runed door.
  8032 | D:10     | Noticed an angel
  8033 | D:10     | Noticed a centaur warrior
  8047 | D:10     | Killed a centaur warrior
  8188 | D:10     | Reached skill level 10 in Fighting
  8509 | D:11     | Reached ****** piety under Trog
  8543 | D:11     | Received a gift from Trog
  8555 | D:11     | Found a staircase to the Lair.
  8610 | D:11     | Noticed an eight-headed hydra
  8620 | D:11     | Killed an eight-headed hydra
  8620 | D:11     | Reached skill level 10 in Armour
  8755 | D:11     | Noticed a death knight
  8765 | D:11     | Killed a death knight
  8787 | D:11     | Mangled by a freezing wraith

Skill      XL: |  1  2  3  4  5  6  7  8  9 10 11 |
---------------+----------------------------------+-----
Fighting       | 4 5 6 7 8 9 10 | 10.3
Armour         | 3 4 5 6 7 8 9 10 | 10.2
Polearms       | 4 5 6 8 10 11 12 | 12.9
Dodging        | 3 4 5 6 7 8 9 |  9.2
Throwing       | 2 4 5 6 |  6.6

Action                   |  1- 3 |  4- 6 |  7- 9 | 10-12 || total
-------------------------+-------+-------+-------+-------++-------
Melee: Spear             |   107 |   202 |   276 |   653 ||  1238
       Headbutt          |    13 |    34 |    60 |   150 ||   257
Throw: Tomahawk          |       |       |    12 |     9 ||    21
       Javelin           |       |       |       |     6 ||     6
Invok: Burn Spellbooks   |       |     1 |       |     3 ||     4
       Berserk           |       |       |     4 |     3 ||     7
       Trog's Hand       |       |       |       |     1 ||     1
       Brothers in Arms  |       |       |       |     1 ||     1
  Use: Scroll            |       |    11 |     4 |       ||    15
  Eat: Chunk             |     1 |     6 |    10 |    15 ||    32
       Royal jelly       |       |       |     1 |       ||     1
       Beef jerky        |       |       |       |     1 ||     1
Armor: Ring mail         |     8 |    33 |    62 |   102 ||   205
Dodge: Dodged            |    36 |    55 |    93 |   224 ||   408
